 Dungeon Crawl Stone Soup version 0.22-a0-525-gf69a080 (webtiles) character file.

399 CougarLife the Ruffian (level 6, -3/61 HPs)
             Began as a Troll Monk on June 22, 2018.
             Killed by nerve-wracking pain
             ... invoked by Grinder
              (8 damage)
             ... while paralysed by Grinder
             ... on level 5 of the Dungeon.
             The game lasted 00:05:33 (3141 turns).

CougarLife the Ruffian (Troll Monk)                 Turns: 3141, Time: 00:05:33

Health: -3/61      AC:  5    Str: 24    XL:     6   Next: 53%
Magic:  5/5        EV:  1    Int:  7    God:
Gold:   260        SH:  0    Dex: 12    Spells: 5/5 levels left

rFire    . . .     SeeInvis .     - Unarmed
rCold    . . .     Gourm    +   (no shield)
rNeg     . . .     Faith    .   a - +0 robe
rPois    .         Spirit   .   (helmet restricted)
rElec    .         Reflect  .   (no cloak)
rCorr    .         Harm     .   (gloves unavailable)
MR       .....                  (boots unavailable)
Stlth    ++........             (no amulet)
HPRegen  0.60/turn              g - +3 ring of strength
MPRegen  0.09/turn              (no ring)

@: paralysed, lethally poisoned (-3 -> -3)
A: large, unfitting armour, claws 3, fast metabolism 3, gourmand, regeneration
1, shaggy fur 1, tough skin 2
a: no special abilities


You were on level 5 of the Dungeon.
You were completely stuffed.

You visited 2 branches of the dungeon, and saw 6 of its levels.

You collected 260 gold pieces.

Inventory:

Missiles
 k - 5 large rocks (quivered)
 r - 3 javelins
Armour
 a - a +0 robe (worn)
Jewellery
 g - a +3 ring of strength (left claw)
Scrolls
 d - 2 scrolls of immolation {unknown}
 e - a scroll of teleportation {unknown}
 h - 2 scrolls of enchant armour
 i - 4 scrolls of remove curse
 l - a scroll of noise {unknown}
 m - a scroll of identify
 o - 3 scrolls of amnesia {unknown}
 p - 3 scrolls of enchant weapon {unknown}
 q - a scroll of random uselessness {unknown}
Potions
 c - 2 potions of heal wounds {unknown}
 f - a potion of agility {unknown}
 j - a potion of flight {unknown}
 n - 2 potions of might {unknown}
 s - a potion of curing {unknown}
 u - a potion of lignification {unknown}
Comestibles
 b - 8 rations
 t - a chunk of flesh


   Skills:
 - Level 3.0 Fighting
 + Level 2.3 Throwing
 - Level 3.1 Dodging
 - Level 1.0 Stealth
 - Level 6.0 Unarmed Combat


You had 5 spell levels left.
You didn't know any spells.
Your spell library was empty.

Dungeon Overview and Level Annotations

Branches:
Dungeon (5/15)             Temple (1/1) D:4

Altars:
Ashenzari
Dithmenos
Elyvilon
Fedhas
Gozag
Hepliaklqana
Makhleb
Nemelex Xobeh
Qazlal
Ru
Sif Muna
Uskayaw
Vehumet
Wu Jian
Xom
Yredelemnul

Shops:
D:4 :

Annotations:
D:5 Grinder


Innate Abilities, Weirdness & Mutations

You are too large for most types of armour.
You have claws for hands.
Your metabolism is lightning-fast.
You like to eat raw meat.
Your natural rate of healing is unusually fast.
You are covered in fur. (AC +1)
You have very tough skin. (AC +2)


Message History

You claw Grinder!
Grinder is lightly wounded.
You feel sick. Grinder hits you.
You writhe in agony.
The adder bites you but does no damage.
You closely miss Grinder.
Grinder is lightly wounded.
Grinder gestures at you.
You suddenly lose the ability to move!
The adder bites you but does no damage. The adder bites you. Grinder hits you!
* * * LOW HITPOINT WARNING * * *
You feel sick. The adder bites you but does no damage.
Grinder says, "Tell me all your secrets, or I'll kill you."
Grinder hits you!
* * * LOW HITPOINT WARNING * * *
You writhe in agony.
* * * LOW HITPOINT WARNING * * *
The adder bites you but does no damage. Grinder gestures at you.
Pain shoots through your body!
You die...

...... ........ ......
#....... #......
#.....###### .......
#.?..#....# .......
####........# ##.......
##...........###........
......5......##.).......
......S@.....#..#.....<.
...............#........
...........รท..##....####
.............## ....#
.............# ....#
............## ....#
............# .....
............# ......
..........##


You could see Grinder and an adder.

Vanquished Creatures
  An ogre (D:4)
  Blork the orc (D:5)
  An orc priest (D:3)
  An iguana (D:4)
  An orc wizard (D:3)
  A gnoll (D:1)
  7 adders
  An ooze (D:3)
  A worm (D:2)
  A dart slug (D:2)
  A leopard gecko (D:4)
  2 orcs (D:3)
  A ball python (D:1)
  9 giant cockroaches
  6 goblins
  8 hobgoblins
  7 jackals
  7 kobolds
  4 quokkas
  16 bats
  4 frilled lizards
  11 rats
92 creatures vanquished.

Notes
Turn   | Place    | Note
-------+----------+-------------------------------------------
     0 | D:1      | CougarLife the Troll Monk began the quest for the Orb.
     0 | D:1      | Reached XP level 1. HP: 22/22 MP: 0/0
   143 | D:1      | Reached XP level 2. HP: 9/29 MP: 1/1
   634 | D:1      | Reached XP level 3. HP: 36/36 MP: 2/2
  1048 | D:2      | Found a shimmering altar of Xom.
  1180 | D:2      | Reached XP level 4. HP: 39/45 MP: 3/3
  1189 | D:2      | Found a sacrificial altar of Ru.
  1218 | D:2      | Found an ornate altar of the Wu Jian Council.
  1372 | D:2      | Reached skill level 4 in Unarmed Combat
  1874 | D:3      | Found a radiant altar of Vehumet.
  1891 | D:3      | Reached XP level 5. HP: 53/53 MP: 4/4
  1894 | D:3      | Reached skill level 5 in Unarmed Combat
  2032 | D:3      | Found a hide-covered altar of Uskayaw.
  2210 | D:3      | Found a sparkling altar of Nemelex Xobeh.
  2250 | D:4      | Noticed an air elemental
  2252 | D:4      | Found a stormy altar of Qazlal.
  2253 | D:4      | Noticed a water elemental
  2253 | D:4      | Noticed a fire elemental
  2333 | D:4      | Found Heig's Book Boutique.
  2426 | D:4      | Noticed an ogre
  2434 | D:4      | Killed an ogre
  2434 | D:4      | Reached skill level 6 in Unarmed Combat
  2434 | D:4      | Reached XP level 6. HP: 61/61 MP: 5/5
  2444 | D:4      | Found a staircase to the Ecumenical Temple.
  2466 | Temple   | Entered the Ecumenical Temple
  2775 | D:4      | Reached skill level 1 in Throwing
  3051 | D:5      | Entered Level 5 of the Dungeon
  3069 | D:5      | Noticed Blork the orc
  3080 | D:5      | Killed Blork the orc
  3124 | D:5      | Noticed Grinder
  3138 | D:5      | Paralysed by Grinder for 5 turns
  3141 | D:5      | Killed from afar by Grinder

Vault maps used:
D:1:      dpeg_arrival_boxorama
D:2:      cheibrodos_old_hovel, nicolae_overflow_crystal_walls,
          nicolae_ru_awakened_eye, xom_teletrap_fun
D:3:      vehumet_crystals, lemuel_round_altar, lemuel_coloured_pillars_altar
D:4:      nicolae_qazlal_style_of_elements, minmay_temple_entry_glass,
          serial_shops, shop, first_ration
D:5:      slow_altar_1, gammafunk_ghost_grave, uniq_grinder, uniq_blork_the_orc
Temple:   nicolae_temple_figure_zero

Skill      XL: |  1  2  3  4  5  6 |
---------------+-------------------+-----
Dodging        | 3 |  3.1
Fighting       | 3 |  3.0
Unarmed Combat | 4 6 |  6.0
Throwing       | 2 |  2.3
Stealth        | |  1.0

Action                   |  1- 3 |  4- 6 || total
-------------------------+-------+-------++-------
Melee: Unarmed           |   101 |   134 ||   235
       Punch             |     2 |     3 ||     5
  Use: Scroll            |     2 |     2 ||     4
 Stab: Sleeping          |     5 |     5 ||    10
  Eat: Chunk             |    16 |    18 ||    34
Armor: Robe              |    40 |    42 ||    82
Dodge: Dodged            |    70 |    75 ||   145

Table legend:
 A = Spawn XP
 B = Non-spawn XP
 C = Spawn XP percentage of total XP
 D = Spawn monster count
 E = Non-spawn monster count
 F = Spawn count percentage of total count
 G = Total turns spent on level
                    A         B        C        D         E        F      G
               +---------+---------+-------+---------+---------+-------+---------
         Total |       0 |     570 |   0.0 |       0 |      92 |   0.0 |  3141
               +---------+---------+-------+---------+---------+-------+---------
           D:1 |       0 |      44 |   0.0 |       0 |      20 |   0.0 |   944
           D:2 |       0 |      75 |   0.0 |       0 |      28 |   0.0 |   536
           D:3 |       0 |     156 |   0.0 |       0 |      34 |   0.0 |   768
           D:4 |       0 |     191 |   0.0 |       0 |       8 |   0.0 |   684
           D:5 |       0 |     104 |   0.0 |       0 |       2 |   0.0 |    90
               +---------+---------+-------+---------+---------+-------+---------
